 Dungeon Crawl Stone Soup version 0.25-a0-1133-g93ebf73 (webtiles) character file.

Game seed: 8781074882666189158, levelgen mode: deterministic

21 thirtiethelement the Skirmisher (level 2, 0/24 HPs)
             Began as a Demonspawn Abyssal Knight on May 22, 2020.
             Was a Follower of Lugonu.
             Slain by an adder (2 damage)
             ... on level 1 of the Dungeon.
             The game lasted 00:03:57 (985 turns).

thirtiethelement the Skirmisher (DsAK)               Turns: 985, Time: 00:03:57

Health: 0/24       AC:  4    Str: 12    XL:     2   Next: 62%
Magic:  4/4        EV: 11    Int: 13    God:    Lugonu [*.....]
Gold:   49         SH:  0    Dex: 12    Spells: 1/1 levels left

rFire    + . .     SeeInvis .   a - +1 falchion
rCold    . . .     Gourm    .   (no shield)
rNeg     . . .     Faith    .   b - +1 leather armour
rPois    .         Spirit   .   (no helmet)
rElec    .         Reflect  .   (no cloak)
rCorr    .         Harm     .   (no gloves)
MR       .....                  (no boots)
Stlth    +.........             (no amulet)
HPRegen  0.08/turn              (no ring)
MPRegen  0.09/turn              (no ring)

@: no status effects
A: fire resistance 1
a: Depart the Abyss, Renounce Religion


You were on level 1 of the Dungeon.
You worshipped Lugonu.
Lugonu was aware of your devotion.
You were not hungry.

You visited 1 branch of the dungeon, and saw 2 of its levels.
You visited the Abyss 1 time.

You collected 49 gold pieces.

Inventory:

Hand Weapons
 a - a +1 falchion (weapon)
Armour
 b - a +1 leather armour (worn)
Scrolls
 d - a scroll of blinking {unknown}
Potions
 e - a potion of heal wounds {unknown}
 f - a potion of curing {unknown}
Comestibles
 c - 2 rations


   Skills:
 + Level 3.3 Fighting
 + Level 2.1 Long Blades
 + Level 2.0 Armour
 + Level 1.0 Dodging
 + Level 2.8 Invocations


You had one spell level left.
You didn't know any spells.
Your spell library was empty.

Dungeon Overview and Level Annotations

Branches:
Dungeon (2/15)

Altars:


Innate Abilities, Weirdness & Mutations

Your flesh is heat resistant. (rF+)


Message History

You climb upwards.
There is a stone staircase leading down here.
You hit the worm.
The worm is severely wounded.
The adder barely misses you. The worm completely misses you.
You riposte.
You barely miss the worm.
The worm is severely wounded.
You hit the worm.
The worm is severely wounded.
The adder bites you. The adder bites you but does no damage.
The worm barely misses you.
You hit the worm.
The worm is almost dead.
The adder closely misses you.
You hit the worm.
The worm is almost dead.
The adder closely misses you. The worm bites you!
* * * LOW HITPOINT WARNING * * *
The adder bites you.
You die...

#.............#.....##.##.#
#.######.#.##.#.#....#.##.# #†#
#.#.##..........##.# #.#
#.#.##.#.##......#.# #.#
#.#.####.........#.# ####.##
#.#................# (.....#
#.................##
......#####################.#
...............S@w........#.#
......###.####.#.########.#.###
.......##.# #.#.#........#...#
........#.# #.#....####..###.##
....##.##.####.###..# #.......#
........#...........# #.#######
.....#..........#†..# #..)...#
.....#..######..#...# ######.#
................#...# #.#


You could see a worm and an adder.

Vanquished Creatures
  A leopard gecko (D:1)
  4 bats (D:1)
  A giant cockroach (D:1)
  2 goblins (D:1)
  2 hobgoblins (D:1)
  3 frilled lizards (D:1)
  2 kobolds (D:1)
  5 rats (D:1)
20 creatures vanquished.

Notes
Turn   | Place    | Note
-------+----------+-------------------------------------------
     0 | Abyss:1  | thirtiethelement the Demonspawn Abyssal Knight began the
                  | quest for the Orb.
     0 | Abyss:1  | Reached XP level 1. HP: 18/18 MP: 2/2
    38 | Abyss:1  | Noticed a glowing orange brain
    42 | Abyss:1  | Noticed a starcursed mass
    48 | Abyss:1  | Noticed a large abomination
    51 | D:1      | Escaped the Abyss
   371 | D:1      | Gained mutation: Your flesh is heat resistant. (rF+)
                  | [demonic ancestry]
   371 | D:1      | Reached XP level 2. HP: 24/24 MP: 4/4
   418 | D:1      | Reached * piety under Lugonu
   418 | D:1      | Reached skill level 1 in Dodging
   985 | D:1      | Slain by an adder

Illustrated notes

Levels and vault maps discovered:
D:1:      wander_arrival_desolate, layout_basic, minivault_24
D:2:      layout_rooms, grunt_gozag_statues, uniq_robin

Skill      XL: |  1  2 |
---------------+-------+-----
Long Blades    | 2 |  2.1
Dodging        | 1 |  1.0
Armour         | 2 |  2.0
Fighting       | |  3.3
Invocations    | |  2.8

Action                   || total
-------------------------++-------
Melee: Falchion          ||    47
Invok: Depart the Abyss  ||     1
  Use: Scroll            ||     1
Armor: Leather armour    ||    22
Dodge: Dodged            ||    43
       Rpst.: Falchion   ||    13

Table legend:
 A = Non-vault XP
 B = Vault XP
 C = Vault XP percentage of total XP
 D = Non-vault monster count
 E = Vault monster count
 F = Vault count percentage of total count
                 A         B        C        D         E       F
            +---------+---------+-------+---------+---------+-------
      Total |      30 |       0 |   0.0 |      20 |       0 |   0.0
            +---------+---------+-------+---------+---------+-------
        D:1 |      30 |       0 |   0.0 |      20 |       0 |   0.0
            +---------+---------+-------+---------+---------+-------
